cohdb
Replays
Latest Replays
All Replays
Popular Replays
Top Player Replays
Match Explorer
How It Works
Community
CoH3 Stats
Reddit
Sign in to upload your games and track your stats! →
Sign in with Steam
Match 42260757
Unlisted
Match 42260757
Overview
Messages
Build Orders
End
Construct Barracks
Riflemen Squad
1⁄4-ton 4x4 Truck
Selects Armored Battlegroup
Selects Veteran Crews
Riflemen Squad
M1 Mortar Team
Grenade Package
Riflemen Squad
Infantry Support Center
Construct Weapon Support Center
M1919 Machine Gun Team
M1918 Browning Automatic Rifles
M3 Armored Personnel Carrier
Construct Medical Station
Cylar
سَۨفُـيٰانۨوٰس
0
0
Comments
sign in to comment!
No comments posted yet!